 Dungeon Crawl Stone Soup version 0.30-a0-557-ge2afbf3030 (webtiles) character file.

Game seed: 13750420387799285647

233 greasedhog the Trooper (level 6, 0/40 (47) HPs)
             Began as a Djinni Fighter on Dec 28, 2022.
             Slain by an orc warrior
             ... wielding a +0 battleaxe
              (3 damage)
             ... on level 3 of the Dungeon.
             The game lasted 00:03:27 (2843 turns).

greasedhog the Trooper (Djinni Fighter)             Turns: 2843, Time: 00:03:28

HP:   0/40 (47)     AC:  6    Str: 15    XL:     6   Next: 25%
Gold: 166           EV: 11    Int:  9    God:
                    SH:  5    Dex: 15

rFire   + + .      SeeInvis .    a - +0 long sword
rCold   x . .      Faith    .    c - +0 buckler
rNeg    . . .      Spirit   .    i - +1 ring mail
rPois   ∞          Reflect  .    (no helmet)
rElec   .          Harm     .    (no cloak)
rCorr   +          Rampage  .    (no gloves)
Will    .....                    (boots unavailable)
Stlth   +                        (no amulet)
HPRegen 0.26/turn                o - ring of resist corrosion
MPRegen 0.00/turn                (no ring)

@: mighty, flying, very slightly contaminated, heavily drained
A: sickness immunity, fire resistance 2, cold vulnerability 1, float, innate
caster, HP casting, extra vitality 1
a: no special abilities


You were on level 3 of the Dungeon.
You visited 1 branch of the dungeon, and saw 4 of its levels.

You collected 166 gold pieces.

Inventory:

Hand Weapons
 a - a +0 long sword (weapon)
Armour
 c - a +0 buckler (worn)
 i - a +1 ring mail (worn)
Jewellery
 o - a ring of resist corrosion (left hand)
Scrolls
 j - a scroll of amnesia {unknown}
 l - 2 scrolls of enchant armour
 n - a scroll of poison {unknown}
 r - a scroll of teleportation {unknown}
 t - a scroll of fog {unknown}
Potions
 d - a potion of might
 g - 2 potions of haste
 h - 4 potions of heal wounds
 k - a potion of brilliance {unknown}
 m - a potion of cancellation {unknown}
 p - a potion of lignification {unknown}
 q - a potion of attraction {unknown}


   Skills:
 * Level 4.2 Fighting
 * Level 3.2 Long Blades
 - Level 3.0 Armour
 * Level 3.1 Dodging
 - Level 3.0 Shields
 + Level 1.3 Spellcasting


You had 4 spell levels left.
You knew the following spells:

 Your Spells              Type           Power      Damage    Failure   Level
a - Kiss of Death         Conj/Necr      12%        2d6       45%         1
b - Ensorcelled Hibernat  Hex/Ice        6%         N/A       61%         2
Your spell library was empty.

Dungeon Overview and Level Annotations

Branches:
Dungeon (4/15)
 Temple: D:4-7

Altars:
Elyvilon
Ru
Xom


Innate Abilities, Weirdness & Mutations

You are immune to sickness and miasma.
You are immune to poison.
Your flesh is very heat resistant. (rF++)
You are vulnerable to cold. (rC-)
You float through the air rather than walking.
You learn spells naturally, not from books.
Your magical power is your life essence.
You have superior vitality. (+4 MHP)


Message History

HP restored.
You feel very mighty all of a sudden.
You fly downwards.
The orc warrior barely misses you. The orc hits you but does no damage.
There is a stone staircase leading up here.
Casting: Kiss of Death (safe; 45% risk of failure)
Confirm with . or Enter, or press ? or * to list all spells.
Aiming: Kiss of Death (safe; 45% risk of failure)
Press: ? - help, Shift-Dir - straight line, f - orc warrior
Aim: an orc warrior, wielding a +0 battleaxe and wearing a +0 chain mail (100% to hit)
You miscast Kiss of Death.
You are very lightly contaminated with residual magic.
Nothing appears to happen.
The orc warrior barely misses you. The orc closely misses you.
Casting: Kiss of Death (safe; 45% risk of failure)
Confirm with . or Enter, or press ? or * to list all spells.
Aiming: Kiss of Death (safe; 45% risk of failure)
Press: ? - help, Shift-Dir - straight line, f/p - orc warrior
Aim: an orc warrior, wielding a +0 battleaxe and wearing a +0 chain mail (100% to hit)
The negative energy hits the orc warrior but does no damage.
The orc warrior is drained!
The orc warrior is lightly wounded.
You feel drained.
The orc warrior hits you with a +0 battleaxe!
The orc closely misses you.
You closely miss the orc warrior.
The orc warrior is lightly wounded.
The orc warrior hits you with a +0 battleaxe!
The orc misses you.
You slash the orc warrior!
The orc warrior is heavily wounded.
The orc warrior hits you with a +0 battleaxe!
* * * LOW HITPOINT WARNING * * *
You block the orc's attack. The orc warrior barely misses you.
The orc hits you with a +0 short sword.
* * * LOW HITPOINT WARNING * * *
You hit the orc warrior.
The orc warrior is severely wounded.
The orc warrior hits you with a +0 battleaxe.
You die...

#.#.)..>......# #. #########
#.#.######.##.# #. ........#
#.#.# ####.##.# #. #######.#
#.#.# #....##.###. #.# #.#.#
###.........
#.########.#.#####..#..###.
#.#......#.#............##.
#........oo................
#.######..@#..####.......#.
#.##.# #.###..# #....#.... ###
#.##.# #..o...# #.......#. ..##
#.##.# #..o...# #....#....
...####.##.# #...o..# #.........
........##.###.###..####.......##
............(.........>#....⌠.##
.######.##.###.##............##..
...........# #.##..#...#.#..##...


You could see an orc warrior (drained) and an orc.

Vanquished Creatures
  A centaur (D:3)
  A hound (D:3)
  A gnoll (D:1)
  4 adders
  2 dart slugs
  An orc (D:3)
  5 bats
  4 endoplasms
  5 giant cockroaches
  4 goblins
  9 hobgoblins
  6 jackals (D:1)
  10 kobolds
  2 quokkas
  9 ball pythons
  A frilled lizard (D:1)
  7 rats
72 creatures vanquished.

Notes
Turn   | Place    | Note
-------+----------+-------------------------------------------
     0 | D:1      | greasedhog the Djinni Fighter began the quest for the Orb.
     0 | D:1      | Reached XP level 1. HP: 20/20 MP: 0/0
   112 | D:1      | Reached XP level 2. HP: 24/25 MP: 0/0
   397 | D:1      | Reached skill level 1 in Dodging
   602 | D:1      | Reached XP level 3. HP: 30/30 MP: 0/0
   602 | D:1      | Learned a level 1 spell: Kiss of Death
   977 | D:1      | Reached XP level 4. HP: 32/35 MP: 0/0
  1075 | D:2      | Found a faded altar of an unknown god.
  1113 | D:2      | Found a shimmering altar of Xom.
  1501 | D:2      | Reached skill level 1 in Spellcasting
  1856 | D:3      | Reached XP level 5. HP: 41/41 MP: 0/0
  1856 | D:3      | Learned a level 2 spell: Ensorcelled Hibernation
  2226 | D:3      | Found a white marble altar of Elyvilon.
  2302 | D:3      | Noticed a centaur
  2321 | D:3      | Killed a centaur
  2322 | D:3      | Reached skill level 4 in Fighting
  2322 | D:3      | Reached XP level 6. HP: 35/47 MP: 0/0
  2579 | D:3      | Found a faded altar of an unknown god.
  2583 | D:3      | Found a sacrificial altar of Ru.
  2775 | D:4      | Noticed an orc warrior
  2843 | D:3      | Slain by an orc warrior

Illustrated notes

Levels and vault maps discovered:
D:1:      dpeg_arrival_solitude, layout_loops_ring, patterned_corridor
D:2:      layout_rooms, basic_altar, basic_ecumenical_altar, minivault_5,
          minmay_diced_spiral
D:3:      layout_basic, nicolae_overflow_ecumenical_swirl, elyvilon_altar_5
D:4:      layout_basic, grunt_temple_overflow_cloverleaf, kennysheep_mini,
          minmay_temple_entry_stoned_glass, hangedman_glass_teeth,
          serial_park_tiny_pond

Skill      XL: |  1  2  3  4  5 |
---------------+----------------+-----
Long Blades    | 2 3 |  3.2
Dodging        | 1 2 3 |  3.1
Spellcasting   | 1 |  1.3
Fighting       | 4 |  4.2
Armour         | |  3.0
Shields        | |  3.0

Action                   |  1- 3 |  4- 6 || total
-------------------------+-------+-------++-------
Melee: Long sword        |   103 |   139 ||   242
 Cast: Kiss of Death     |       |     1 ||     1
  Use: Scroll            |       |     5 ||     5
       Potion            |       |     1 ||     1
Armor: Scale mail        |    55 |       ||    55
       Ring mail         |     3 |    67 ||    70
Dodge: Dodged            |    40 |    98 ||   138
Block: Buckler           |    25 |    56 ||    81

Table legend: (Time is in decaauts)
 A = Elapsed time spent in this place.
 B = Non-inter-level travel time spent in this place.
 C = Inter-level travel time spent in this place.
 D = Time resting spent in this place.
 E = Time spent auto-exploring this place.
 F = Levels seen in this place.
 G = Mean time per level.
                   A        B        C        D        E       F      G
               +--------+--------+--------+--------+--------+-----+--------+
         Total |   2917 |   2814 |    103 |    125 |   2138 |   4 |  729.2 |
       Dungeon |   2917 |   2814 |    103 |    125 |   2138 |   4 |  729.2 |
               +--------+--------+--------+--------+--------+-----+--------+

Top non-repeatable levels by time:
     D:1: 1109 daAuts
     D:3: 980 daAuts
     D:2: 824 daAuts
     D:4: 2 daAuts
